 Dungeon Crawl Stone Soup version 0.19-a0-944-gb338e1e (webtiles) character file.

8252 Kold the Carver (level 11, 0/112 HPs)
             Began as a Demonspawn Berserker on July 10, 2016.
             Was a High Priest of Trog.
             Killed by vampiric draining
             ... invoked by a vampire
              (8 damage)
             ... on level 10 of the Dungeon.
             The game lasted 00:26:19 (11360 turns).

Kold the Carver (Demonspawn Berserker)             Turns: 11360, Time: 00:26:20

Health: 0/112      AC: 13    Str: 22    XL:     11   Next: 7%
Magic:  20/20      EV: 11    Int:  9    God:    Trog [*****.]
Gold:   461        SH:  0    Dex: 18    Spells: 0 memorised, 10 levels left

rFire  + + .     SeeInvis .     a - +1 falchion
rCold  + . .     Gourm    .     q - +1 ring mail {rC+}
rNeg   . . .     Faith    .     (no shield)
rPois  +         Spirit   .     x - +2 helmet
rElec  .         Dismiss  .     s - +1 cloak {+Inv}
rCorr  .         Reflect  .     d - +0 pair of gloves
SustAt .         Harm     .     k - +0 pair of boots
MR     ++...                    (no amulet)
Stlth  ..........               H - ring of magical power
                                m - ring of protection from fire

@: mighty, berserking, regenerating, very quick, very resistant to hostile
enchantments, extremely unstealthy
A: claws 1, thin skeletal structure 1, fire resistance 1, foul stench 1, poison
resistance, powered by pain 1, rot immunity
a: Berserk, Trog's Hand, Brothers in Arms, Burn Spellbooks, Renounce Religion,
Evoke Invisibility


You were on level 10 of the Dungeon.
You worshipped Trog.
Trog was extremely pleased with you.
You were hungry.

You visited 1 branch of the dungeon, and saw 10 of its levels.

You collected 461 gold pieces.

Inventory:

Hand Weapons
 a - a +1 falchion (weapon)
 D - a +3 short sword of flaming
 W - a +0 blowgun
Missiles
 j - 5 steel javelins (quivered)
Armour
 d - a +0 pair of gloves (worn)
 k - a +0 pair of boots (worn)
 q - a +1 ring mail of cold resistance (worn)
 s - a +1 cloak of invisibility (worn)
 x - a +2 helmet (worn)
 K - a cursed +0 chain mail
 U - a +3 scale mail
 V - a +0 robe of magic resistance
Jewellery
 m - a ring of protection from fire (left hand)
 n - an uncursed ring of positive energy
 H - a ring of magical power (right hand)
Wands
 G - a wand of disintegration (5/24)
 L - a wand of flame (20/48)
 N - a wand of confusion (33/48)
 R - a wand of flame (37/48)
Scrolls
 h - 2 scrolls of recharging
 l - 7 scrolls of identify
 o - a scroll of blinking {unknown}
 p - a scroll of amnesia {unknown}
 r - 7 scrolls of teleportation {unknown}
 t - a scroll of remove curse
 w - 2 scrolls of fog
 y - 2 scrolls of enchant armour {unknown}
 E - a scroll of random uselessness {unknown}
 F - a scroll of enchant weapon
 O - a scroll of fear {unknown}
 S - a scroll of summoning {unknown}
Potions
 e - 4 potions of curing {unknown}
 f - 4 potions of lignification
 g - 2 potions of beneficial mutation {unknown}
 i - 2 potions of might {unknown}
 v - a potion of magic {unknown}
 z - 3 potions of cancellation {unknown}
 A - a potion of cure mutation {unknown}
 B - 3 potions of heal wounds {unknown}
 C - 2 potions of flight {unknown}
 I - a potion of ambrosia {unknown}
 J - 2 potions of resistance {unknown}
 M - a potion of agility {unknown}
 P - a potion of brilliance {unknown}
 T - a potion of invisibility {unknown}
Comestibles
 b - 10 slices of pizza
 c - 9 bread rations
 u - 6 fruits
 Q - 3 beef jerkies


   Skills:
 - Level 3.0 Fighting
 + Level 14.5 Long Blades
 - Level 1.8 Armour
 - Level 1.7 Dodging
 - Level 5.1 Stealth


You had 10 spell levels left.
You didn't know any spells.

Dungeon Overview and Level Annotations

Branches:
Dungeon (10/15)            Temple (0/1) D:4             Orc (0/2) D:10
   Lair: D:8-11

Altars:
Elyvilon
Fedhas
Hepliaklqana
Kikubaaqudgha
Nemelex Xobeh
Pakellas
Qazlal
Sif Muna
Trog
Uskayaw
Yredelemnul
Zin
The Shining One
Beogh

Shops:
D:9 }


Innate Abilities, Weirdness & Mutations

You have sharp fingernails.
You have a somewhat thin skeletal structure. (Dex +2, Stealth)
You may emit foul miasma when damaged in melee.
You sometimes gain a little power by taking damage.
You are immune to rotting.
Your flesh is heat resistant. (rF+)
Your system is resistant to poisons. (rPois)


Message History

You feel yourself moving faster!
You feel mighty!
You are feeling hungry.
Something hits you but does no damage. Something completely misses you.
You barely miss something. You slash something! Something hits you!
* * * LOW HITPOINT WARNING * * *
Something bites you.
* * * LOW HITPOINT WARNING * * *
Something draws strength from your injuries!
You slash something! You hit something but do no damage.
You closely miss something. Something hits you but does no damage.
Something bites you but does no damage.
You completely miss something. You hit something but do no damage.
Something completely misses you. Something bites you but does no damage.
You miss something. You miss something. You hit something.
Unholy energy fills the air.
You die...

##'#######
..+........# ###.'
...# #........# ###
#..## ######'### #
#..# #.. #
#####'###### #.# #
#..........# #####.###
# #..........#
#....)..# #
#..........###.......#
#
#..........'@........#
#
#..........###.......#
# ###..........#
#.......#
###.'..........#
#.......#
##..#..(.......#
#.........
##.#############
#.......### )..#
######### #### #


There were no monsters in sight!

Vanquished Creatures
  The ghost of CInkIbrahim the Spear-Bearer, a novice OpGl of Dithmenos (D:4)
  A troll (D:10)
  2 wraiths
  A hog (D:9)
  A human (D:9)
  7 yaks
  5 hippogriffs
  A hungry ghost (D:4)
  Duvessa (D:7)
  4 ice beasts
  5 orc warriors
  2 sky beasts
  3 ogres
  3 necrophages
  4 centaurs
  3 phantoms
  2 elf zombies (D:8)
  5 giant frogs
  3 scorpions
  Dowan (D:7)
  2 troll zombies (D:8)
  17 killer bees
  2 howler monkeys
  2 crimson imps
  3 human zombies (D:8)
  A jelly (D:9)
  A giant frog skeleton (D:9)
  A hound (D:8)
  10 orc wizards
  3 centaur skeletons
  6 orc priests
  Crazy Yiuf (D:3)
  Jessica (D:2)
  Terence (D:3)
  4 iguanas
  8 worker ants
  3 sheep (D:9)
  2 hound skeletons (D:4)
  2 mummies (D:8)
  A worker ant zombie (D:9)
  Robin (D:4)
  A howler monkey skeleton (D:9)
  12 gnolls
  8 adders
  5 shadow imps
  2 adder skeletons
  An adder zombie (D:5)
  3 worms
  A dart slug (D:3)
  2 giant geckos
  44 orcs
  2 ball pythons (D:1)
  4 giant cockroaches
  12 goblins
  12 hobgoblins
  4 jackals (D:2)
  2 quokkas
  8 bats
  6 giant newts
  9 kobolds
  A quokka skeleton (D:5)
  A quokka zombie (D:3)
  11 rats
278 creatures vanquished.

Notes
Turn   | Place    | Note
-------+----------+-------------------------------------------
     0 | D:1      | Kold the Demonspawn Berserker began the quest for the Orb.
     0 | D:1      | Reached XP level 1. HP: 18/18 MP: 1/1
    76 | D:1      | Reached skill level 3 in Long Blades
   105 | D:1      | Gained mutation: You are immune to rotting. [demonic ancestry]
   105 | D:1      | Reached XP level 2. HP: 13/24 MP: 2/2
   725 | D:1      | Gained mutation: You are frail. (-10% HP) [potion of mutation]
   725 | D:1      | Gained mutation: Your system is resistant to poisons. (rPois) [potion of mutation]
   725 | D:1      | Lost mutation: You are frail. (-10% HP) [potion of mutation]
   765 | D:2      | Reached ** piety under Trog
   875 | D:2      | Gained mutation: You have sharp fingernails. [demonic ancestry]
   875 | D:2      | Reached XP level 3. HP: 15/29 MP: 3/3
   958 | D:2      | Noticed Jessica
   969 | D:2      | Killed Jessica
   969 | D:2      | Reached skill level 4 in Long Blades
  1175 | D:2      | Found a blossoming altar of Fedhas.
  1346 | D:2      | Gained mutation: You may emit foul miasma when damaged in melee. [demonic ancestry]
  1346 | D:2      | Reached XP level 4. HP: 30/35 MP: 4/4
  1495 | D:2      | Reached skill level 5 in Long Blades
  1566 | D:2      | Reached *** piety under Trog
  1611 | D:2      | Found a sparkling altar of Nemelex Xobeh.
  1764 | D:3      | Noticed Terence
  1788 | D:3      | Killed Terence
  1788 | D:3      | Reached XP level 5. HP: 32/41 MP: 5/5
  1926 | D:3      | Found a faded altar of an unknown god.
  2186 | D:3      | Found a runed door.
  2406 | D:3      | Noticed Crazy Yiuf
  2418 | D:3      | Killed Crazy Yiuf
  2574 | D:4      | Gained mutation: Your flesh is heat resistant. (rF+) [potion of mutation]
  2574 | D:4      | Gained mutation: You are weak. (Str -2) [potion of mutation]
  2574 | D:4      | Lost mutation: You are weak. (Str -2) [potion of mutation]
  2589 | D:4      | Reached skill level 6 in Long Blades
  2831 | D:4      | Gained mutation: You have a somewhat thin skeletal structure. (Dex +2, Stealth) [demonic ancestry]
  2831 | D:4      | Reached XP level 6. HP: 40/47 MP: 6/6
  2852 | D:4      | Noticed a hungry ghost
  2858 | D:4      | Reached skill level 1 in Stealth
  2881 | D:4      | Killed a hungry ghost
  2883 | D:4      | Paralysed by fainting for 12 turns
  2910 | D:4      | HP: 3/70 [poisoned by a worker ant]
  2917 | D:4      | HP: 3/70 [poisoned by a worker ant]
  2921 | D:4      | HP: 1/47 [poisoned by a worker ant]
  3394 | D:4      | Noticed CInkIbrahim's ghost (novice OpGl)
  3419 | D:4      | Killed CInkIbrahim's ghost
  3419 | D:4      | Reached skill level 7 in Long Blades
  3419 | D:4      | Gained mutation: You sometimes gain a little power by taking damage. [demonic ancestry]
  3419 | D:4      | Reached XP level 7. HP: 17/52 MP: 7/7
  3661 | D:4      | Found a hide-covered altar of Uskayaw.
  3754 | D:4      | Reached XP level 8. HP: 30/58 MP: 8/8
  3768 | D:4      | Found a staircase to the Ecumenical Temple.
  3789 | D:4      | Found a glowing golden altar of the Shining One.
  3811 | D:4      | Noticed Robin
  3825 | D:4      | Killed Robin
  3974 | D:4      | Reached **** piety under Trog
  3974 | D:4      | Reached skill level 5 in Stealth
  4176 | D:5      | Entered Level 5 of the Dungeon
  4184 | D:5      | Reached skill level 8 in Long Blades
  4251 | D:5      | Found a stormy altar of Qazlal.
  5034 | D:6      | Found a bloodstained altar of Trog.
  5062 | D:6      | Reached skill level 9 in Long Blades
  5723 | D:6      | Found a deep blue altar of Sif Muna.
  6004 | D:7      | Reached skill level 10 in Long Blades
  6004 | D:7      | Reached XP level 9. HP: 10/63 MP: 9/9
  6316 | D:7      | Noticed Duvessa
  6643 | D:7      | Noticed Dowan
  6655 | D:7      | Killed Dowan
  6663 | D:7      | Killed Duvessa
  6686 | D:7      | Found a glowing silver altar of Zin.
  6923 | D:7      | Reached skill level 11 in Long Blades
  7134 | D:7      | Found a white marble altar of Elyvilon.
  7677 | D:8      | Reached skill level 12 in Long Blades
  7706 | D:8      | Found a basalt altar of Yredelemnul.
  7997 | D:8      | Reached XP level 10. HP: 64/70 MP: 10/10
  8077 | D:8      | Found an oddly glowing altar of Pakellas.
  8549 | D:8      | Found an ancient bone altar of Kikubaaqudgha.
  9268 | D:9      | Found a hazy altar of Hepliaklqana.
  9294 | D:9      | Reached skill level 13 in Long Blades
  9318 | D:9      | Received a gift from Trog
  9896 | D:9      | Found an oddly glowing altar of Pakellas.
  9896 | D:9      | Found Pakellas's Prime Provisions.
 10128 | D:9      | Reached ***** piety under Trog
 10201 | D:10     | Entered Level 10 of the Dungeon
 10218 | D:10     | Found a staircase to the Orcish Mines.
 10229 | D:10     | Found a roughly hewn altar of Beogh.
 10489 | D:10     | Reached skill level 14 in Long Blades
 11052 | D:10     | Reached XP level 11. HP: 52/75 MP: 11/11
 11272 | D:10     | Noticed an ogre mage
 11281 | D:10     | Noticed a cyan ugly thing
 11286 | D:10     | Noticed a tengu warrior
 11352 | D:10     | HP: 4/112 [something (4)]
 11360 | D:10     | Killed from afar by a vampire

Vault maps used:
D:1:      dpeg_arrival_fog, minmay_misc_feat_columns, dk_noncrumbling_3
D:2:      kennysheep_six_static_rooms, lemuel_round_altar, fedhas_altar_3,
          uniq_jessica
D:3:      ecumenical_altar_2, uniq_crazy_yiuf_cottage, uniq_terence
D:4:      lemuel_doored_altar, tso_metal_star, uniq_robin
D:5:      grunt_qazlal_sundering, first_bread
D:6:      lemuel_crystal_altar, lightli_temple_of_fire
D:7:      kennysheep_little_box, nicolae_overflow_crystal_walls, uniq_duvessa
D:8:      nicolae_whirlpool, kiku_gazebo_pond_becter, lemuel_crystal_altar,
          lemuel_mausoleum_altar_yredelemnul
D:9:      old_standard_altar, grunt_livestock, johnstein_pakellas_shop
D:10:     minmay_orc_entry_temple_small, minivault_12

Skill      XL: |  1  2  3  4  5  6  7  8  9 10 |
---------------+-------------------------------+-----
Long Blades    | 3 4 5 6 7 10 12 14 | 14.5
Stealth        | 3 4 5 |  5.1
Fighting       | |  3.0
Armour         | |  1.8
Dodging        | |  1.7

Action                   |  1- 3 |  4- 6 |  7- 9 | 10-12 || total
-------------------------+-------+-------+-------+-------++-------
Melee: Falchion          |   124 |   272 |   718 |   622 ||  1736
Throw: Throwing net      |       |     1 |       |       ||     1
Invok: Berserk           |       |     2 |     4 |     6 ||    12
       Trog's Hand       |       |     1 |     4 |     4 ||     9
  Use: Scroll            |     4 |     1 |     1 |     1 ||     7
       Potion            |     1 |     2 |       |       ||     3
 Stab: Sleeping          |     1 |       |    16 |    12 ||    29
       Distracted        |       |       |       |     1 ||     1
  Eat: Chunk             |     1 |     6 |     8 |    16 ||    31
       Fruit             |       |     2 |       |     2 ||     4
       Bread ration      |       |     1 |       |       ||     1
       Beef jerky        |       |       |     2 |       ||     2
       Meat ration       |       |       |     2 |       ||     2
Armor: Animal skin       |    21 |    21 |       |       ||    42
       Ring mail         |       |    41 |   225 |   185 ||   451
       Skin              |       |    21 |       |       ||    21
Dodge: Dodged            |    57 |   127 |   287 |   231 ||   702
